AoeStats
← Green Assassin

Black Forest

505760510Analyzed
4v4 RM · 21d ago on Sep 10, 2026· 26m 50s· 8 players
Game mode
Random Map
Map size
Large (8 player)
Population
200
Speed
Normal
Resources
Standard
Victory
Conquest
Starting age
Dark Age
Ending age
Imperial Age
RankedLock teamsTeams togetherTeam positionsShared explorationLock speedFull tech treeHidden civsTurbo modeCheats
Victory
Defeat
🇳🇱 Ethiopians · Netherlands
1287
+23
🇨🇳 Gurjaras · China
1270
+14
🇨🇳 Malay · China
1256
+14
🇺🇸 Vietnamese · United States
1218
+16
🇲🇽 Mongols · Mexico
1319
-18
🇸🇦 Franks · Saudi Arabia
1192
-13
🇬🇧 Khmer · United Kingdom
1183
-13
🇩🇪 Teutons · Germany
1181
-13
PuneMahaWarrior
3:24 Loom
10:53 Feudal Age
15:15 Castle Age
17:20 Double-Bit Axe
17:17 Horse Collar
18:21 Bow Saw
18:12 Heavy Plow
23:07 Stone Mining
25:11 Wheelbarrow
27:24 Hand Cart
26:55 Town Watch
sherryspk
0:56 Loom
11:24 Feudal Age
15:34 Castle Age
13:38 Double-Bit Axe
13:35 Horse Collar
18:09 Scale Barding Armor
18:16 Forging
20:02 Bloodlines
27:16 Wheelbarrow
2038413966
1:16 Loom
14:44 Feudal Age
14:48 Horse Collar
14:56 Double-Bit Axe
15:30 Man-at-Arms
19:17 Castle Age
18:33 Gold Mining
18:22 Crossbowman
18:50 Crossbowman
20:22 Wheelbarrow
21:55 Fletching
22:10 Padded Archer Armor
24:20 Heavy Plow
24:31 Bow Saw
24:14 Stone Mining
Boar to Death
4:12 Loom
9:24 Feudal Age
11:03 Fletching
11:14 Padded Archer Armor
24:59 Castle Age
25:29 Horse Collar
25:37 Double-Bit Axe
26:54 Fortified Wall
27:06 Bow Saw
Niccals_
6:53 Loom
9:43 Feudal Age
10:26 Man-at-Arms
11:28 Double-Bit Axe
11:25 Horse Collar
Mufasa
3:11 Loom
12:40 Feudal Age
13:32 Double-Bit Axe
14:11 Horse Collar
20:56 Castle Age
20:39 Fletching
20:47 Gold Mining
21:27 Padded Archer Armor
22:03 Bow Saw
Green Assassin
0:26 Loom
11:52 Feudal Age
19:04 Castle Age
17:14 Scale Barding Armor
17:54 Horse Collar
18:01 Double-Bit Axe
19:54 Wheelbarrow
21:02 Chain Barding Armor
25:22 Fervor
Don3z
6:32 Loom
12:30 Feudal Age
17:30 Castle Age
19:17 Double-Bit Axe
20:27 Wheelbarrow
20:34 Wheelbarrow
22:31 Bow Saw
26:14 Husbandry
26:25 Forging
26:22 Scale Barding Armor
Connection lost

Rejoining the realm…

Still unreachable

The connection could not be restored.

Session expired

The server has moved on; the page needs a fresh start.